[Event "12th Tamil Nadu Circuit-IM 2024"]
[Site "Chennai"]
[Date "2024.01.11"]
[Round "4.1"]
[White "Md Imran"]
[Black "Gochelashvili, David"]
[Result "0-1"]
[ECO "A40"]
[WhiteElo "2222"]
[BlackElo "2287"]
[Annotator "RC"]
[PlyCount "58"]
[EventDate "2024.01.09"]
[EventType "tourn"]
[EventCountry "IND"]
[SourceTitle "playchess.com"]
[Source "ChessBase"]
[SourceQuality "1"]
[TimeControl "5400+30"]

1. d4 g6 2. Nf3 Bg7 3. Bf4 c5 4. Be5 f6 5. Bg3 d5 6. dxc5 Nc6 7. Nbd2 f5 8. c3 e5 9. e3 Nge7 10. Bb5 O-O 11. O-O h6 12. h4 a6 13. Ba4 Be6 14. Qb3 b5 15. cxb6 Rb8 16. Rad1 Rxb6 17. Qa3 e4 18. Nd4 Nxd4 19. cxd4 f4 20. Bxf4 Nf5 21. g3 Nxh4 22. Qc5 Rxb2 23. gxh4 Rxf4 24. exf4 Qxh4 25. Nxe4 dxe4 26. Qc3 e3 27. Qxb2 Qg4+ 28. Kh1 Qf3+ 29. Kg1 Bd5 0-1

[Event "12th Tamil Nadu Circuit-IM 2024"]
[Site "Chennai"]
[Date "2024.01.11"]
[Round "4.2"]
[White "Raghav V"]
[Black "Tologon tegin, Semetei"]
[Result "1/2-1/2"]
[ECO "B33"]
[WhiteElo "2150"]
[BlackElo "2384"]
[Annotator "RC"]
[PlyCount "108"]
[EventDate "2024.01.09"]
[EventType "tourn"]
[EventCountry "IND"]
[SourceTitle "playchess.com"]
[Source "ChessBase"]
[SourceQuality "1"]
[TimeControl "5400+30"]

1. e4 c5 2. Nf3 Nc6 3. d4 cxd4 4. Nxd4 Qb6 5. Nb3 Nf6 6. Nc3 e6 7. a3 Qc7 8. g3 a6 9. Bg2 Be7 10. O-O d6 11. Qe2 O-O 12. f4 b5 13. Be3 Bb7 14. h3 Nd7 15. Qf2 Na5 16. Nxa5 Qxa5 17. Rfd1 Qc7 18. Rd2 Rab8 19. Rad1 Ba8 20. Ne2 Nf6 21. Nc3 b4 22. axb4 Rxb4 23. Bd4 Rc8 24. e5 Ne8 25. exd6 Bxd6 26. Bxa8 Rxa8 27. Ne4 Bf8 28. c3 Rb5 29. Qf3 Rc8 30. b4 a5 31. Bc5 axb4 32. cxb4 Bxc5+ 33. bxc5 f5 34. Ng5 Qxc5+ 35. Qf2 Qxf2+ 36. Kxf2 h6 37. Nxe6 Nf6 38. Rd8+ Rxd8 39. Rxd8+ Kf7 40. Nd4 Rb2+ 41. Ke3 g6 42. Ra8 Nd5+ 43. Kf3 Rd2 44. Nc6 Rd3+ 45. Kf2 Rd2+ 46. Kf3 g5 47. Ne5+ Ke7 48. Ra7+ Ke8 49. Ra8+ Ke7 50. Ra7+ Ke8 51. fxg5 hxg5 52. Rg7 Rb2 53. Rxg5 Rb3+ 54. Kf2 f4 1/2-1/2

[Event "12th Tamil Nadu Circuit-IM 2024"]
[Site "Chennai"]
[Date "2024.01.11"]
[Round "4.3"]
[White "Mamombe, Kudzanai"]
[Black "Touzane, Olivier"]
[Result "0-1"]
[ECO "A08"]
[WhiteElo "1797"]
[BlackElo "2242"]
[Annotator "RC"]
[PlyCount "101"]
[EventDate "2024.01.09"]
[EventType "tourn"]
[EventCountry "IND"]
[SourceTitle "playchess.com"]
[Source "ChessBase"]
[SourceQuality "1"]
[TimeControl "5400+30"]

1. Nf3 c5 2. g3 Nc6 3. Bg2 g6 4. O-O Bg7 5. d3 e6 6. e4 Nge7 7. c3 d5 8. Nbd2 b6 9. Re1 Ba6 10. Nf1 dxe4 11. dxe4 Qc7 12. Bf4 e5 13. Bg5 Rd8 14. Qa4 Bd3 15. Bxe7 Kxe7 16. Rad1 b5 17. Qa3 Na5 18. b3 Rd6 19. Qc1 Rhd8 20. h4 f6 21. N3h2 c4 22. b4 Nc6 23. Ne3 Kf7 24. Rd2 a5 25. a3 Qa7 26. Qb2 axb4 27. axb4 Ra8 28. Red1 h5 29. Bf1 Bh6 30. Bxd3 cxd3 31. Rxd3 Rxd3 32. Rxd3 Bxe3 33. Rxe3 Qd7 34. Nf1 Nd8 35. Qe2 Nb7 36. Rd3 Nd6 37. Qd2 Ke6 38. Ne3 Qc6 39. f3 f5 40. exf5+ gxf5 41. Nd5 f4 42. gxf4 Rg8+ 43. Kh2 Nc4 44. f5+ Kf7 45. Qf2 Qa8 46. Ne3 Qa7 47. Ng4 Qxf2+ 48. Nxf2 Kf6 49. Rd5 Ne3 50. Ne4+ Kxf5 51. Ng5 0-1

[Event "12th Tamil Nadu Circuit-IM 2024"]
[Site "Chennai"]
[Date "2024.01.11"]
[Round "4.4"]
[White "Prasannaa.s"]
[Black "Buscara, Sevan"]
[Result "1-0"]
[ECO "B06"]
[WhiteElo "2213"]
[BlackElo "2359"]
[Annotator "RC"]
[PlyCount "109"]
[EventDate "2024.01.09"]
[EventType "tourn"]
[EventCountry "IND"]
[SourceTitle "playchess.com"]
[Source "ChessBase"]
[SourceQuality "1"]
[TimeControl "5400+30"]

1. e4 g6 2. d4 Bg7 3. Nc3 d6 4. Nf3 a6 5. Be3 b5 6. Bd3 Bb7 7. Qd2 Nd7 8. a4 c6 9. O-O Qb8 10. Rfe1 e5 11. d5 b4 12. dxc6 Bxc6 13. Nd5 Bxd5 14. exd5 Ngf6 15. a5 O-O 16. Ra4 Nxd5 17. Be4 Qb5 18. Bxd5 Qxa4 19. Bxa8 Rxa8 20. Qxd6 Qb5 21. Rd1 Nf8 22. Rd5 Qa4 23. h3 Qa1+ 24. Kh2 Qxb2 25. Qc6 Rb8 26. Ba7 b3 27. Bxb8 bxc2 28. Rc5 Qxb8 29. Qb6 Qe8 30. Rxc2 Qa4 31. Rc8 e4 32. Nd2 Bh6 33. Nf1 Qa2 34. Kg1 Qa1 35. Re8 Qe1 36. Qxa6 Bd2 37. Qa8 Bb4 38. Rxe4 Qc3 39. Rxb4 Qxb4 40. a6 Kg7 41. a7 Nd7 42. Qc6 Nb6 43. a8=Q Nxa8 44. Qxa8 Qb1 45. Qd5 h5 46. Qd4+ Kg8 47. g3 Qc1 48. Qe4 Qb2 49. Kg2 Kh7 50. Nh2 f5 51. Qd5 f4 52. gxf4 h4 53. Nf3 Qc2 54. Qf7+ Kh8 55. Qf8+ 1-0

[Event "12th Tamil Nadu Circuit-IM 2024"]
[Site "Chennai"]
[Date "2024.01.11"]
[Round "4.5"]
[White "Mohamed Anees M"]
[Black "Pradeep Kumar R A"]
[Result "1-0"]
[ECO "A65"]
[WhiteElo "2319"]
[BlackElo "2189"]
[Annotator "RC"]
[PlyCount "155"]
[EventDate "2024.01.09"]
[EventType "tourn"]
[EventCountry "IND"]
[SourceTitle "playchess.com"]
[Source "ChessBase"]
[SourceQuality "1"]
[TimeControl "5400+30"]

1. d4 Nf6 2. c4 g6 3. Nc3 Bg7 4. e4 d6 5. h3 O-O 6. Bg5 c5 7. d5 e6 8. Bd3 exd5 9. cxd5 Re8 10. Nf3 c4 11. Bc2 Qb6 12. Rb1 Na6 13. O-O Bd7 14. Nd2 Rac8 15. Qf3 Qd4 16. Be3 Qe5 17. Bxa7 b5 18. a3 Nc5 19. Qe3 Nh5 20. a4 bxa4 21. Nxc4 Qe7 22. Nb6 Rc7 23. Nxd7 Nxd7 24. Bxa4 Ra8 25. Bxd7 Rcxa7 26. Bc6 Rb8 27. b3 Ra5 28. Rfe1 Rb4 29. Na4 Rb8 30. b4 Ra7 31. Nb6 Be5 32. Nc4 Ra2 33. Qb3 Qa7 34. Qf3 Bd4 35. Ne3 Nf6 36. b5 Nd7 37. Bxd7 Qxd7 38. Re2 Rxb5 39. Rxb5 Ra1+ 40. Kh2 Qxb5 41. Rd2 Be5+ 42. g3 h5 43. h4 Qb4 44. Rc2 Qe1 45. Rc7 f6 46. Rc8+ Kg7 47. Rc7+ Kg8 48. Qg2 Ra2 49. Rc2 Rxc2 50. Nxc2 Qd2 51. f4 Bc3 52. Qxd2 Bxd2 53. Kg2 g5 54. hxg5 fxg5 55. Kf3 h4 56. gxh4 gxh4 57. Nd4 h3 58. Ne6 Be1 59. Ng5 h2 60. Kg2 Bg3 61. f5 Kg7 62. Nf3 Kf6 63. Nxh2 Bf4 64. Nf3 Bc1 65. Kf2 Ba3 66. Ke3 Bb2 67. Kd3 Bc1 68. Nd2 Kg5 69. Nc4 Bf4 70. Kc3 Kf6 71. Kb4 Ke7 72. Kb5 Kd7 73. Kb6 Bg5 74. Kb7 Bf4 75. Nb6+ Kd8 76. Kc6 Bg3 77. Nc4 Ke7 78. Nxd6 1-0

[Event "12th Tamil Nadu Circuit-IM 2024"]
[Site "Chennai"]
[Date "2024.01.11"]
[Round "5.1"]
[White "Pradeep Kumar R A"]
[Black "Md Imran"]
[Result "0-1"]
[ECO "A14"]
[WhiteElo "2189"]
[BlackElo "2222"]
[Annotator "TA"]
[PlyCount "86"]
[EventDate "2024.01.09"]
[EventType "tourn"]
[EventCountry "IND"]
[SourceTitle "playchess.com"]
[Source "ChessBase"]
[SourceQuality "1"]
[TimeControl "5400+30"]

1. Nf3 b6 2. g3 Bb7 3. Bg2 Nf6 4. O-O e6 5. c4 c5 6. Nc3 Be7 7. b3 O-O 8. Bb2 d5 9. cxd5 Nxd5 10. Re1 Bf6 11. e4 Nb4 12. e5 {[%emt 0:00:15] The position is equal.} Be7 13. d4 N8c6 14. a3 cxd4 15. Ne4 Nd5 16. Nxd4 Qd7 17. Nf3 Rfd8 18. h4 (18. Nfd2 $14) 18... Rac8 (18... Qc7 $11) 19. Bh3 (19. Nfd2 $14) 19... Nc7 $11 20. Nfd2 Nd4 21. Bg2 Na6 $2 (21... Ncb5 $11 22. Nc4 Bd5) 22. Nc4 $2 ({Only move:} 22. Bxd4 $1 $18 {Be3 would now be deadly.} Qxd4 23. Nd6 Bxd6 24. Bxb7) 22... Bxe4 $1 $15 23. Rxe4 {[%emt 0:01:52] [#] White is now going downhill.} (23. Bxe4 $15 Nc5 24. Nd6 Bxd6 25. Qxd4) 23... Nxb3 $1 $17 {[%emt 0:01:19][%mdl 512] Black is more active.} 24. Qxb3 {[%emt 0:00:41] Rd4 is the strong threat.} Nc5 $1 25. Qe3 Nxe4 26. Qxe4 {[%emt 0:00:19] [#]} Qb5 $1 27. Rc1 {[%emt 0:04:24][%cal Oe4b7] [#]} Rxc4 $1 28. Qxc4 (28. Rxc4 Qxb2) 28... Qxb2 29. Qc7 Rf8 ({Weaker is} 29... Bxa3 30. Qxd8+ Bf8 31. Rc8 Qa3 32. Qd6) 30. Rc3 (30. Qc3 $142 Bxa3 31. Qxb2 Bxb2 32. Rc7) 30... Bxa3 $19 31. Bf1 Bc5 32. Rf3 a5 33. Kg2 $2 (33. Qd7 {might work better.}) 33... Qd4 (33... a4 $142 34. Qa7 a3 (34... Qxe5 $2 35. Qxa4 Qd5 36. Bb5 $19)) 34. Bb5 $2 (34. Qc6) 34... Qd8 $2 (34... a4 $19 35. Rf4 Qd5+ 36. Kh2 a3) 35. Qb7 Qe7 ({Black should play} 35... h5 $19 36. Ba4 Qb8 37. Rxf7 Qxb7+ (37... Qxe5 38. Rxf8+ Kxf8 39. Qa8+ Ke7 40. Bc6 $17) 38. Rxb7 Rxf2+ 39. Kh3 Kh7) 36. Qe4 Rd8 37. h5 Qg5 38. g4 $2 (38. Rd3) 38... Rd4 39. Qa8+ Bf8 40. Be8 Rxg4+ 41. Kf1 (41. Rg3 $19 Rxg3+ (41... Qxh5 $2 42. Bxf7+ Kxf7 43. Qf3+ Qf5 44. Rxg4 $19) 42. fxg3 Qxh5 (42... Qxe5 $2 43. Qf3 $19) 43. Qe4) 41... Qc1+ {[%emt 0:00:35] Black mates.} 42. Ke2 Qc2+ 43. Ke3 Bc5# {[%emt 0:00:10] Weighted Error Value: White=0.68/Black=0.31.  Loses game:     	---       	Black=1      Missed win:     	White=1     	Black=1      Mistake:       	White=8     	Black=3      Inaccurate:     	White=3     	Black=2      OK:         	White=8     	Black=9      Best:        	White=3     	Black=5      Strong:       	---       	Black=2      Brilliant:      	---       	Black=2} 0-1

[Event "12th Tamil Nadu Circuit-IM 2024"]
[Site "Chennai"]
[Date "2024.01.11"]
[Round "5.2"]
[White "Buscara, Sevan"]
[Black "Mohamed Anees M"]
[Result "1-0"]
[ECO "B47"]
[WhiteElo "2359"]
[BlackElo "2319"]
[Annotator "RC"]
[PlyCount "59"]
[EventDate "2024.01.09"]
[EventType "tourn"]
[EventCountry "IND"]
[SourceTitle "playchess.com"]
[Source "ChessBase"]
[SourceQuality "1"]
[TimeControl "5400+30"]

1. e4 c5 2. Nf3 e6 3. d4 cxd4 4. Nxd4 Nc6 5. Nc3 Qc7 6. g3 a6 7. Bg2 h5 8. Nb3 h4 9. f4 d6 10. Be3 Nf6 11. Qe2 b5 12. O-O-O Bb7 13. g4 Nd7 14. g5 Nb6 15. g6 Nc4 16. gxf7+ Qxf7 17. Bh3 g6 18. Kb1 Bg7 19. e5 Ne7 20. exd6 Nf5 21. d7+ Kd8 22. Bxf5 gxf5 23. Rhg1 Bxc3 24. bxc3 Bd5 25. Nc5 Kc7 26. Rxd5 exd5 27. Rg7 Qh5 28. Ne6+ Kc6 29. d8=N+ Raxd8 30. Rc7+ 1-0

[Event "12th Tamil Nadu Circuit-IM 2024"]
[Site "Chennai"]
[Date "2024.01.11"]
[Round "5.3"]
[White "Touzane, Olivier"]
[Black "Prasannaa.s"]
[Result "0-1"]
[ECO "E73"]
[WhiteElo "2242"]
[BlackElo "2213"]
[Annotator "TA"]
[PlyCount "58"]
[EventDate "2024.01.09"]
[EventType "tourn"]
[EventCountry "IND"]
[SourceTitle "playchess.com"]
[Source "ChessBase"]
[SourceQuality "1"]
[TimeControl "5400+30"]

1. d4 Nf6 2. c4 g6 3. Nc3 Bg7 4. e4 d6 5. Be2 O-O 6. g4 c5 7. d5 e6 8. g5 Ne8 9. h4 exd5 10. cxd5 f5 11. gxf6 Nxf6 12. h5 {[%emt 0:03:42] hxg6 is the strong threat.} Qe8 {[%emt 0:00:54] Black is slightly better.} 13. h6 Bh8 14. Rh4 {[%emt 0:01:35] [#]} Na6 $1 15. Nf3 $2 (15. Be3 $15) 15... Ng4 $19 16. Qb3 {[%emt 0:18:00] [#]} c4 $1 17. Qxc4 Bd7 {[%emt 0:00:24] White must now prevent ...Rc8.} 18. Nb5 $2 {[%emt 0:09:09] [#]} (18. e5 Rc8 (18... Nxe5 $2 19. Nxe5 Bxe5 20. Ne4 $17) 19. Rxg4 Rxc4 20. Rxc4) 18... Rxf3 $1 19. Rxg4 (19. Nxd6 Qf8) 19... Bxg4 20. Nxd6 Qd7 21. Bxf3 Bxf3 22. Bf4 b5 ({Not} 22... Bxb2 23. Rb1 Rf8 24. Rxb2 Rxf4 25. Qc3 $19) 23. Qd3 (23. Qxb5 Qxb5 24. Nxb5 Bxe4 25. Nc3 Bxc3+ 26. bxc3) 23... Qg4 {[%emt 0:03:26][%cal Oa6b4] Threatens to win with ...Nb4!} 24. Bg3 Nc5 25. Qxb5 Nxe4 26. Qb7 Rf8 27. Nxe4 Qxe4+ 28. Kf1 Bg2+ 29. Kg1 Bh3 {[%emt 0:00:11] White got outplayed after the opening.   Weighted Error Value: White=1.39/Black=0.36.  Loses game:     	White=1     	---        Mistake:       	White=2     	---        Inaccurate:     	White=4     	---        OK:         	White=5     	Black=5      Best:        	White=1     	Black=1      Strong:       	---       	Black=1      Brilliant:      	---       	Black=1} 0-1

[Event "12th Tamil Nadu Circuit-IM 2024"]
[Site "Chennai"]
[Date "2024.01.11"]
[Round "5.4"]
[White "Tologon tegin, Semetei"]
[Black "Mamombe, Kudzanai"]
[Result "1-0"]
[ECO "E61"]
[WhiteElo "2384"]
[BlackElo "1797"]
[Annotator "RC"]
[PlyCount "81"]
[EventDate "2024.01.09"]
[EventType "tourn"]
[EventCountry "IND"]
[SourceTitle "playchess.com"]
[Source "ChessBase"]
[SourceQuality "1"]
[TimeControl "5400+30"]

1. Nf3 Nf6 2. e3 g6 3. d4 Bg7 4. c4 O-O 5. Nc3 d6 6. Be2 Nbd7 7. O-O e5 8. Qc2 c6 9. Rd1 Qe7 10. b4 e4 11. Nd2 d5 12. b5 Re8 13. bxc6 bxc6 14. cxd5 cxd5 15. Nb5 Rd8 16. Ba3 Nc5 17. Bxc5 Qd7 18. Nd6 h5 19. Rab1 a5 20. Rdc1 Bf8 21. Nxc8 Rdxc8 22. Qb2 Bxc5 23. Rxc5 Rcb8 24. Rb5 Rc8 25. Rc1 Rxc1+ 26. Qxc1 Kg7 27. Nb3 Qf5 28. Rxa5 Rd8 29. Ra7 Ng4 30. Bxg4 hxg4 31. Qc7 Qf6 32. Qe5 Qxe5 33. dxe5 Re8 34. g3 Rxe5 35. a4 Kf6 36. Nd4 Re8 37. a5 Rb8 38. Rd7 Rb1+ 39. Kg2 Ke5 40. Rxf7 Ra1 41. Re7+ 1-0

[Event "12th Tamil Nadu Circuit-IM 2024"]
[Site "Chennai"]
[Date "2024.01.11"]
[Round "5.5"]
[White "Gochelashvili, David"]
[Black "Raghav V"]
[Result "1-0"]
[ECO "C54"]
[WhiteElo "2287"]
[BlackElo "2150"]
[Annotator "RC"]
[PlyCount "79"]
[EventDate "2024.01.09"]
[EventType "tourn"]
[EventCountry "IND"]
[SourceTitle "playchess.com"]
[Source "ChessBase"]
[SourceQuality "1"]
[TimeControl "5400+30"]

1. e4 e5 2. Nf3 Nc6 3. Bc4 Bc5 4. c3 Nf6 5. d3 O-O 6. Bg5 h6 7. Bh4 d6 8. b4 Bb6 9. Nbd2 g5 10. Bg3 Ne7 11. Bb3 c6 12. Nc4 Bc7 13. h4 g4 14. Nh2 Ng6 15. h5 Nxh5 16. Nxg4 Nxg3 17. fxg3 Qg5 18. Nxh6+ Kg7 19. Qf3 f5 20. Nxf5+ Bxf5 21. Rh5 Bxe4 22. dxe4 Rxf3 23. Rxg5 Rf6 24. Ne3 Rh8 25. Ke2 Rh2 26. a4 Bd8 27. Rd1 Kh7 28. Rf5 d5 29. Rxf6 Bxf6 30. exd5 cxd5 31. Bxd5 Ne7 32. Ng4 Rh6 33. Be4+ Kg7 34. Nxh6 Kxh6 35. Rd7 Nc8 36. Rxb7 Nd6 37. Rh7+ Kg5 38. Kd3 Kg4 39. Rxa7 Kxg3 40. Rd7 1-0

[Event "12th Tamil Nadu Circuit-IM 2024"]
[Site "Chennai"]
[Date "2024.01.12"]
[Round "6.1"]
[White "Md Imran"]
[Black "Raghav V"]
[Result "1-0"]
[ECO "A06"]
[WhiteElo "2222"]
[BlackElo "2150"]
[Annotator "RC"]
[PlyCount "163"]
[EventDate "2024.01.09"]
[EventType "tourn"]
[EventCountry "IND"]
[SourceTitle "playchess.com"]
[Source "ChessBase"]
[SourceQuality "1"]
[TimeControl "5400+30"]

1. b3 d5 2. Bb2 Nf6 3. Nf3 Bf5 4. Nh4 Bd7 5. g3 c5 6. Bxf6 gxf6 7. Bg2 Bc6 8. O-O e6 9. c4 d4 10. e4 dxe3 11. fxe3 f5 12. Nc3 Bg7 13. Qe2 Bxg2 14. Nxg2 Nc6 15. Nf4 Qg5 16. Rad1 O-O-O 17. Na4 h5 18. Nxc5 Qe7 19. d4 Nxd4 20. exd4 Bxd4+ 21. Kg2 Qxc5 22. h4 e5 23. Nd5 f4 24. gxf4 Rhg8+ 25. Kh3 Qd6 26. Qxh5 Qd7+ 27. f5 Rg7 28. Rf3 Kb8 29. Rg3 Rxg3+ 30. Kxg3 Qd6 31. Kh3 Qd7 32. Qg4 Rh8 33. f6 Qd6 34. Rf1 Re8 35. Re1 Qd8 36. Re4 Rg8 37. Qf5 a6 38. Rg4 Re8 39. h5 Qa5 40. Qd7 Rc8 41. Ne7 Rh8 42. Qf5 Qe1 43. Rg2 Qd1 44. Rg5 Qh1+ 45. Kg3 Qg1+ 46. Kh3 Qh1+ 47. Kg3 Bc3 48. Qf3 Qg1+ 49. Qg2 Qe3+ 50. Kh2 Qf4+ 51. Qg3 Bd2 52. Rf5 Qd4 53. Nd5 Ka8 54. Rxe5 Qa1 55. Nc7+ Ka7 56. Qf2+ Kb8 57. Nxa6+ Ka8 58. Nc7+ Kb8 59. Na6+ Ka8 60. Rd5 Bc3 61. Nc7+ Kb8 62. Qg3 Be1 63. Qf4 Qxa2+ 64. Kh1 Rc8 65. Rd1 Ba5 66. Nd5+ Ka8 67. Qf3 Rh8 68. b4 Qxc4 69. bxa5 Qh4+ 70. Kg2 Rg8+ 71. Kf1 Rg3 72. Nc7+ Kb8 73. Na6+ bxa6 74. Rb1+ Kc7 75. Rc1+ Kb8 76. Rb1+ Kc7 77. Qb7+ Kd6 78. Rd1+ Ke5 79. Qd5+ Kf4 80. Rd4+ Ke3 81. Qe5+ Kf3 82. Qe2# 1-0

[Event "12th Tamil Nadu Circuit-IM 2024"]
[Site "Chennai"]
[Date "2024.01.12"]
[Round "6.2"]
[White "Mamombe, Kudzanai"]
[Black "Gochelashvili, David"]
[Result "0-1"]
[ECO "A05"]
[WhiteElo "1797"]
[BlackElo "2287"]
[Annotator "RC"]
[PlyCount "86"]
[EventDate "2024.01.09"]
[EventType "tourn"]
[EventCountry "IND"]
[SourceTitle "playchess.com"]
[Source "ChessBase"]
[SourceQuality "1"]
[TimeControl "5400+30"]

1. Nf3 Nf6 2. g3 g6 3. Bg2 Bg7 4. O-O O-O 5. d3 c5 6. e4 Nc6 7. c3 e5 8. Re1 d6 9. Nbd2 Be6 10. Nf1 h6 11. h4 d5 12. Qe2 d4 13. c4 Rb8 14. Bd2 b5 15. cxb5 Rxb5 16. b3 a5 17. Rec1 Nd7 18. N3h2 a4 19. bxa4 Rb2 20. Qd1 Qb6 21. Be1 Qa6 22. Rc2 Rfb8 23. Nd2 Rxc2 24. Qxc2 Nb4 25. Qd1 Qxd3 26. Bf1 Qc2 27. a3 Qxd1 28. Rxd1 Nc2 29. Bb5 Nxa3 30. Bxd7 Bxd7 31. Rc1 c4 32. a5 c3 33. Ndf1 Rb1 34. Rxc3 dxc3 35. Bxc3 Nb5 36. Bd2 Bh3 37. Be3 Nd4 38. f4 Ra1 39. Kf2 Bxf1 40. Nxf1 Rxa5 41. Bxd4 exd4 42. e5 f6 43. exf6 Bxf6 0-1

[Event "12th Tamil Nadu Circuit-IM 2024"]
[Site "Chennai"]
[Date "2024.01.12"]
[Round "6.3"]
[White "Prasannaa.s"]
[Black "Tologon tegin, Semetei"]
[Result "1/2-1/2"]
[ECO "A30"]
[WhiteElo "2213"]
[BlackElo "2384"]
[Annotator "RC"]
[PlyCount "88"]
[EventDate "2024.01.09"]
[EventType "tourn"]
[EventCountry "IND"]
[SourceTitle "playchess.com"]
[Source "ChessBase"]
[SourceQuality "1"]
[TimeControl "5400+30"]

1. b3 g6 2. Bb2 Nf6 3. Nf3 Bg7 4. g3 b6 5. Bg2 Bb7 6. O-O O-O 7. c4 c5 8. Nc3 d5 9. Nxd5 Nxd5 10. Bxg7 Kxg7 11. cxd5 Qxd5 12. d4 Na6 13. dxc5 Nxc5 14. Qxd5 Bxd5 15. Rfd1 Rfd8 16. Ne5 Bxg2 17. Kxg2 Rac8 18. Rac1 Rxd1 19. Rxd1 f6 20. Nd3 Ne4 21. f3 Nd6 22. Rc1 Rxc1 23. Nxc1 e5 24. e4 f5 25. exf5 gxf5 26. Ne2 Kf6 27. Nc3 e4 28. fxe4 fxe4 29. Kf2 Ke5 30. Ne2 b5 31. a3 a5 32. g4 a4 33. bxa4 bxa4 34. Nc3 Kf4 35. Nxa4 Nb5 36. h3 e3+ 37. Kg2 Nxa3 38. Nc3 Nc2 39. Ne2+ Ke4 40. h4 Nb4 41. g5 Nd5 42. h5 Kf5 43. g6 hxg6 44. hxg6 Kxg6 1/2-1/2

[Event "12th Tamil Nadu Circuit-IM 2024"]
[Site "Chennai"]
[Date "2024.01.12"]
[Round "6.4"]
[White "Mohamed Anees M"]
[Black "Touzane, Olivier"]
[Result "1-0"]
[ECO "C01"]
[WhiteElo "2319"]
[BlackElo "2242"]
[Annotator "RC"]
[PlyCount "55"]
[EventDate "2024.01.09"]
[EventType "tourn"]
[EventCountry "IND"]
[SourceTitle "playchess.com"]
[Source "ChessBase"]
[SourceQuality "1"]
[TimeControl "5400+30"]

1. e4 e6 2. d4 d5 3. Bd3 dxe4 4. Bxe4 Nf6 5. Bf3 c5 6. Ne2 Nc6 7. Be3 Nd5 8. Bxd5 Qxd5 9. Nbc3 Qc4 10. dxc5 b6 11. b3 Qa6 12. cxb6 Bb7 13. O-O Rd8 14. Qe1 Nb4 15. Nd4 Bc5 16. Nxe6 Bxb6 17. Bc5 Kd7 18. Bxb6 Qxb6 19. Rd1+ Kc8 20. Rxd8+ Rxd8 21. Nxd8 Qxd8 22. Nb5 Nc6 23. Qd1 Ba6 24. Qxd8+ Nxd8 25. c4 Bxb5 26. cxb5 Ne6 27. Rd1 Kc7 28. b4 1-0

[Event "12th Tamil Nadu Circuit-IM 2024"]
[Site "Chennai"]
[Date "2024.01.12"]
[Round "6.5"]
[White "Pradeep Kumar R A"]
[Black "Buscara, Sevan"]
[Result "0-1"]
[ECO "D11"]
[WhiteElo "2189"]
[BlackElo "2359"]
[Annotator "RC"]
[PlyCount "108"]
[EventDate "2024.01.09"]
[EventType "tourn"]
[EventCountry "IND"]
[SourceTitle "playchess.com"]
[Source "ChessBase"]
[SourceQuality "1"]
[TimeControl "5400+30"]

1. Nf3 d5 2. g3 Bg4 3. Bg2 Nd7 4. d4 e6 5. O-O Ngf6 6. c4 c6 7. b3 Bd6 8. Bb2 Qb8 9. Nc3 O-O 10. Nd2 b5 11. cxb5 cxb5 12. Qe1 Re8 13. f4 b4 14. Nd1 Qb5 15. e4 dxe4 16. Nxe4 Nxe4 17. Bxe4 Rac8 18. Ne3 Bf5 19. Bf3 Bd3 20. Rf2 Nf6 21. Rd2 Qa6 22. Be2 Bxe2 23. Qxe2 Qb7 24. Qg2 Nd5 25. Re1 Qa6 26. Qe2 Qxa2 27. Nxd5 exd5 28. Qxe8+ Rxe8 29. Rxe8+ Bf8 30. Ra8 g6 31. Kf2 Kg7 32. Re2 h5 33. Bc1 Qxb3 34. f5 gxf5 35. Rxa7 Qc4 36. Bb2 Kg6 37. Rb7 Bg7 38. Rb6+ Kh7 39. Rb7 Bxd4+ 40. Bxd4 Qxd4+ 41. Kg2 Kg6 42. Re8 f4 43. gxf4 Qxf4 44. Rg8+ Kf6 45. Rb6+ Kf5 46. Rgb8 Qd2+ 47. Kg1 h4 48. Rxb4 h3 49. Kf1 Qxh2 50. Rh8 d4 51. Rb5+ Kf4 52. Rbh5 Qg2+ 53. Ke1 d3 54. Re8 d2+ 0-1

[Event "12th Tamil Nadu Circuit-IM 2024"]
[Site "Chennai"]
[Date "2024.01.13"]
[Round "7.1"]
[White "Tologon tegin, Semetei"]
[Black "Mohamed Anees M"]
[Result "1-0"]
[ECO "A00"]
[WhiteElo "2384"]
[BlackElo "2319"]
[Annotator "RC"]
[PlyCount "97"]
[EventDate "2024.01.09"]
[EventType "tourn"]
[EventCountry "IND"]
[SourceTitle "playchess.com"]
[Source "ChessBase"]
[SourceQuality "1"]
[TimeControl "5400+30"]

1. Nc3 d5 2. e4 d4 3. Nce2 e5 4. Ng3 Nc6 5. Bc4 g6 6. d3 Bg7 7. f4 exf4 8. Bxf4 Nf6 9. h3 Nd7 10. Nf3 Nde5 11. Nxe5 Nxe5 12. Bb3 Qe7 13. Qd2 Be6 14. O-O h6 15. Bxe6 Qxe6 16. c4 O-O-O 17. a4 h5 18. a5 a6 19. b4 Rhf8 20. Rae1 Rd7 21. b5 Re8 22. bxa6 Qxa6 23. Rb1 Nc6 24. Rb5 Na7 25. Rb3 Nc6 26. Ra1 h4 27. Nh1 f5 28. Nf2 Rde7 29. Qb2 Bf6 30. Rb5 Re6 31. Qd2 Na7 32. Rc5 Rc6 33. Rd5 Rce6 34. Rb1 Nc6 35. Rdb5 Nd8 36. Bh2 Qa7 37. Qf4 R8e7 38. Qh6 fxe4 39. Nxe4 Rxe4 40. dxe4 Rxe4 41. Qxg6 Re6 42. Kh1 Qa6 43. Qf5 Kb8 44. Rc5 Rc6 45. Rb6 Rxc5 46. Qxc5 Ne6 47. Rxa6 Nxc5 48. Rxf6 d3 49. Bf4 1-0

[Event "12th Tamil Nadu Circuit-IM 2024"]
[Site "Chennai"]
[Date "2024.01.13"]
[Round "7.1"]
[White "Buscara, Sevan"]
[Black "Md Imran"]
[Result "*"]
[ECO "A00"]
[WhiteElo "2359"]
[BlackElo "2222"]
[Annotator "RC"]
[PlyCount "24"]
[EventDate "2024.01.09"]
[EventType "tourn"]
[EventCountry "IND"]
[SourceTitle "playchess.com"]
[Source "ChessBase"]
[SourceQuality "1"]
[TimeControl "5400+30"]

1. Nc3 d5 2. e4 d4 3. Nce2 e5 4. Ng3 Nc6 5. Bc4 g6 6. d3 Bg7 7. f4 exf4 8. Bxf4 Nf6 9. h3 Nd7 10. Nf3 Nde5 11. Nxe5 Nxe5 12. Bb3 Qe7 *

[Event "12th Tamil Nadu Circuit-IM 2024"]
[Site "Chennai"]
[Date "2024.01.13"]
[Round "7.2"]
[White "Touzane, Olivier"]
[Black "Pradeep Kumar R A"]
[Result "0-1"]
[ECO "A49"]
[WhiteElo "2242"]
[BlackElo "2189"]
[Annotator "RC"]
[PlyCount "116"]
[EventDate "2024.01.09"]
[EventType "tourn"]
[EventCountry "IND"]
[SourceTitle "playchess.com"]
[Source "ChessBase"]
[SourceQuality "1"]
[TimeControl "5400+30"]

1. d4 Nf6 2. Nf3 g6 3. g3 Bg7 4. Bg2 O-O 5. O-O d6 6. a4 c5 7. a5 Na6 8. dxc5 Nxc5 9. b4 Nce4 10. Bb2 d5 11. Na3 Nd6 12. Be5 Bd7 13. Nd4 Rc8 14. e3 Nde4 15. Ne2 b6 16. a6 Bc6 17. Qd3 Nd7 18. Bxg7 Kxg7 19. Nd4 Ba8 20. Ndb5 Ndf6 21. Nxa7 Rc3 22. Qd4 Rxa3 23. Rxa3 Nd6 24. Rc3 e5 25. Qxe5 Qd7 26. b5 Re8 27. Qf4 Nfe4 28. Rc6 Bxc6 29. Nxc6 Nxb5 30. Nb4 Nbc3 31. Qh4 Qa4 32. f3 Nf6 33. Re1 Nb5 34. Bf1 Nd6 35. Qd4 Nf5 36. Qxb6 Re6 37. Qc5 d4 38. e4 Qa3 39. Bd3 Nd7 40. Qc4 Ne5 41. Qb3 Nxf3+ 42. Kf2 Qxb3 43. cxb3 Nxe1 44. Bc4 Rxe4 45. a7 Re8 46. Nc6 d3 47. Kf1 Ne3+ 48. Kxe1 Nxc4+ 49. Kd1 Nb2+ 50. Kc1 Rc8 51. Kd2 Rxc6 52. a8=Q Rc2+ 53. Ke3 d2 54. Qe8 d1=Q 55. Qe5+ f6 56. Qe7+ Kh6 57. Qf8+ Kh5 58. g4+ Qxg4 0-1